 Dungeon Crawl Stone Soup version 0.28.0-47-ge53b351184 (webtiles) character file.

Game seed: 15548751729219296017

249 issech the Cudgeller (level 5, -5/53 HPs)
             Began as a Troll Monk on May 10, 2022.
             Slain by a wraith (10 damage)
             ... in an ossuary.
             The game lasted 00:11:34 (2918 turns).

issech the Cudgeller (Troll Monk)                   Turns: 2918, Time: 00:11:35

Health: -5/53      AC:  5    Str: 19    XL:     5   Next: 86%
Magic:  4/4        EV: 10    Int:  6    God:
Gold:   133        SH:  0    Dex: 14    Spells: 4/4 levels left

rFire   . . .      SeeInvis .   u - +5 mace
rCold   . . .      Faith    .   (no shield)
rNeg    . . .      Spirit   .   b - +0 robe
rPois   .          Reflect  .   (helmet restricted)
rElec   .          Harm     .   r - +0 cloak
rCorr   .          Rampage  .   (gloves unavailable)
Will    .....                   (boots unavailable)
Stlth   ++........              (no amulet)
HPRegen 0.97/turn               (no ring)
MPRegen 0.09/turn               (no ring)

@: slowed, very slow
A: large, unfitting armour, claws 3, regeneration 1, shaggy fur 1, tough skin 1
a: no special abilities


You were in an ossuary.
You visited 1 branch of the dungeon, and saw 4 of its levels.
You also visited: Ossuary.

You collected 178 gold pieces.
You spent 45 gold pieces at shops.

Inventory:

Hand Weapons
 a - a +0 mace
 q - a +0 flail
 u - a +5 mace (weapon)
Missiles
 c - 94 stones (quivered)
 f - 35 arrows
 i - 4 poisoned darts
 p - 2 boomerangs
 s - 5 boomerangs of dispersal
Armour
 b - a +0 robe (worn)
 r - a +0 cloak (worn)
Scrolls
 e - a scroll of brand weapon {unknown}
 g - a scroll of fear {unknown}
 h - 3 scrolls of fog {unknown}
 k - 2 scrolls of noise {unknown}
 n - 2 scrolls of blinking {unknown}
 o - 2 scrolls of teleportation {unknown}
Potions
 d - 2 potions of mutation {unknown}
 j - 3 potions of heal wounds {unknown}
 l - 3 potions of curing {unknown}
 m - a potion of degeneration {unknown}
 t - a potion of ambrosia {unknown}


   Skills:
 + Level 3.2 Fighting
 + Level 4.8 Maces & Flails
 + Level 0.1 Throwing
 + Level 3.2 Dodging
 + Level 1.3 Stealth


You had 4 spell levels left.
You didn't know any spells.
Your spell library contained the following spells:

 Spells                   Type           Power      Damage    Failure   Level
 Blink                    Tloc           0%         N/A       58%         2
 Lesser Beckoning         Tloc           0%         N/A       83%         3
 Manifold Assault         Tloc           0%         N/A       100%        5


Dungeon Overview and Level Annotations

Branches:
Dungeon (4/15)            Ossuary (1/1)
 Temple: D:4-7

Altars:

Shops:
D:3 *[(=


Innate Abilities, Weirdness & Mutations

You are too large for most types of armour.
You have claws for hands.
Your natural rate of healing is unusually fast.
You are covered in fur. (AC +1)
You have tough skin. (AC +1)


Message History

There is an open door, spattered with blood here.
The flying skull gives a hideous shriek!
The flying skull gives a hideous shriek!
You open the door.
A wraith comes into view.
You hit the wraith but do no damage. The wraith hits you! The wraith hits you.
The wraith drains your vigour!
You feel yourself slow down.
You hit the wraith.
The wraith is lightly damaged.
The wraith barely misses you.
You hit the wraith but do no damage.
The wraith is lightly damaged.
The wraith closely misses you. The wraith barely misses you.
You hit the wraith.
The wraith is lightly damaged.
The wraith closely misses you. x2
You hit the wraith but do no damage.
You feel yourself speed up. The wraith hits you but does no damage.
You hit the wraith but do no damage. The wraith closely misses you. x2
You hit the wraith but do no damage. The wraith hits you.
The wraith drains your vigour!
You feel yourself slow down.
You hit the wraith but do no damage. The wraith hits you!
The wraith drains your vigour!
You feel as though you will be slow longer.
You closely miss the wraith. The wraith hits you!
The wraith drains your vigour!
You feel as though you will be slow longer.
The wraith closely misses you.
You hit the wraith but do no damage. The wraith hits you!
* * * LOW HITPOINT WARNING * * *
The wraith barely misses you.
You sock the wraith!
The wraith is moderately damaged.
The wraith hits you!
* * * LOW HITPOINT WARNING * * *
The wraith drains your vigour!
You feel as though you will be slow longer.
The wraith hits you!
You die...

#...............# #z
#.###..!!!..###.###▓
#.#z#..!//..#z#.'...
#.###..???..###.###▓
#...............# #W
#.###..###..###.# ##
#.#.#..#z#..#)#.#
#.W##..###..##'.#
#..@............#
#################


You could see a wraith and a flying skull.

Vanquished Creatures
  2 wights (Ossuary)
  A hound (D:4)
  An adder (D:4)
  A gnoll (D:4)
  A howler monkey skeleton (D:4)
  A white imp (D:3)
  2 adder skeletons (D:4)
  A worm (D:2)
  5 orcs
  8 ball pythons
  6 endoplasms
  3 giant cockroaches
  9 goblins
  6 hobgoblins
  2 jackals (D:2)
  5 quokkas
  A ball python skeleton (Ossuary)
  4 bats
  A frilled lizard (D:2)
  2 hobgoblin zombies (Ossuary)
  7 kobolds
  5 orc skeletons (Ossuary)
  An orc zombie (Ossuary)
  5 rats
80 creatures vanquished.

Notes
Turn   | Place    | Note
-------+----------+-------------------------------------------
     0 | D:1      | issech the Troll Monk began the quest for the Orb.
     0 | D:1      | Reached XP level 1. HP: 22/22 MP: 0/0
   286 | D:1      | Reached XP level 2. HP: 26/29 MP: 1/1
   307 | D:1      | Reached skill level 3 in Maces & Flails
   708 | D:1      | Reached XP level 3. HP: 36/36 MP: 2/2
   716 | D:1      | Found a faded altar of an unknown god.
  1823 | D:3      | Found Suhim's Weapon Boutique.
  1918 | D:3      | Found Efuplapn's Armour Shoppe.
  2037 | D:3      | Reached XP level 4. HP: 44/44 MP: 3/3
  2152 | D:3      | Found Fileas's Jewellery Boutique.
  2300 | D:3      | Found Yda Pud's General Store.
  2371 | D:3      | Bought a scroll of magic mapping for 45 gold pieces
  2546 | D:4      | Reached skill level 4 in Maces & Flails
  2559 | D:4      | Reached XP level 5. HP: 48/53 MP: 4/4
  2661 | D:4      | Found a sand-covered staircase.
  2691 | Ossuary  | Entered an ossuary
  2807 | Ossuary  | Noticed a flying skull
  2807 | Ossuary  | Noticed a wraith
  2814 | Ossuary  | Noticed a flying skull
  2818 | Ossuary  | Noticed a flying skull
  2830 | Ossuary  | Noticed a flying skull
  2857 | Ossuary  | Noticed a flying skull
  2906 | Ossuary  | Noticed a wraith
  2918 | Ossuary  | Slain by a wraith

Illustrated notes

Levels and vault maps discovered:
D:1:      dpeg_arrival_castle, layout_loops_corners,
          shapermc_ecumenical_altar_notcrosses, minmay_domino_4
D:2:      layout_loops_ring, minmay_strange_pillars
D:3:      layout_rooms, serial_shops, nicolae_shop_hallway_plus,
          nicolae_shop_bloodbath_and_beyond, nicolae_shop_trees, shop
D:4:      layout_basic, nicolae_ossuary_entry_ruins, minmay_vboxes
Ossuary:  ossuary_due_cavern

Skill      XL: |  1  2  3  4 |
---------------+-------------+-----
Maces & Flails | 3 4 |  4.8
Fighting       | 3 |  3.2
Dodging        | 3 |  3.2
Throwing       | |  0.1
Stealth        | |  1.3

Action                   |  1- 3 |  4- 6 || total
-------------------------+-------+-------++-------
Melee: Mace              |   152 |    96 ||   248
       Flail             |       |    19 ||    19
Throw: Stone             |     8 |       ||     8
  Use: Scroll            |       |     1 ||     1
 Stab: Sleeping          |     4 |     5 ||     9
Armor: Robe              |    62 |    29 ||    91
Dodge: Dodged            |    92 |    62 ||   154
